AoeStats
← RagnarLothbrok

Black Forest

510206664Analyzed
4v4 RM · 2d ago on Sep 29, 2026· 66m 9s· 8 players
Game mode
Random Map
Map size
Large (8 player)
Population
200
Speed
Normal
Resources
Standard
Victory
Conquest
Starting age
Dark Age
Ending age
Imperial Age
RankedLock teamsTeams togetherTeam positionsShared explorationLock speedFull tech treeHidden civsTurbo modeCheats
Victory
Defeat
🇦🇷 Turks · Argentina
1328
+16
🇹🇷 Teutons · Türkiye
1313
+16
🇫🇷 Persians · France
1264
+18
🇲🇽 Bohemians · Mexico
1240
+19
🇹🇷 Slavs · Türkiye
1350
-18
🇻🇪 Mongols · Venezuela
1310
-17
🇺🇸 Malay · United States
1306
-17
🇺🇸 Burgundians · United States
1300
-17
Dreadnaught
0:26 Loom
5:51 Double-Bit Axe
10:10 Wheelbarrow
13:05 Feudal Age
12:30 Gold Mining
12:23 Horse Collar
19:03 Castle Age
17:42 Bow Saw
17:36 Heavy Plow
19:17 Gold Shaft Mining
19:43 Forging
19:40 Scale Barding Armor
19:04 Cavalier
20:09 Husbandry
26:47 Pikeman
31:38 Imperial Age
30:46 Iron Casting
31:31 Chain Barding Armor
31:42 Hand Cart
31:43 Halberdier
35:00 Squires
34:45 Arson
35:15 Paladin
36:59 Scale Mail Armor
38:40 Plate Barding Armor
39:29 Chain Mail Armor
40:45 Conscription
43:11 Plate Mail Armor
45:42 Caravan
54:58 Blast Furnace
Tattletale Strangler
10:44 Feudal Age
10:11 Man-at-Arms
12:20 Arson
19:01 Loom
21:42 Castle Age
20:40 Forging
20:17 Loom
20:47 Long Swordsman
25:55 Double-Bit Axe
27:53 Bow Saw
30:04 Wheelbarrow
29:16 Town Watch
32:30 Imperial Age
30:40 Ballistics
29:52 Pikeman
30:19 Horse Collar
31:15 Gold Mining
32:11 Two-Handed Swordsman
34:00 Iron Casting
33:42 Masonry
34:30 Conscription
37:29 Chemistry
38:00 Siege Engineers
37:53 Fletching
38:38 Bodkin Arrow
39:56 Bracer
39:17 Pikeman
41:40 Blast Furnace
40:03 Halberdier
41:45 Gold Shaft Mining
43:19 Hand Cart
45:18 Ballistics
44:41 Treadmill Crane
45:22 Ballistics
45:26 Crossbowman
46:12 Thumb Ring
47:15 Forced Levy
48:16 Heavy Plow
49:24 Squires
49:07 Arbalester
50:37 Bombard Tower
52:36 Crop Rotation
52:26 Padded Archer Armor
56:48 Stone Mining
57:02 Caravan
57:30 Murder Holes
65:43 Leather Archer Armor
LT_OmniSK
4:51 Loom
10:56 Feudal Age
11:00 Man-at-Arms
16:35 Scale Mail Armor
18:21 Double-Bit Axe
18:17 Horse Collar
23:05 Fletching
25:23 Castle Age
26:17 Bow Saw
28:08 Bodkin Arrow
29:15 Wheelbarrow
34:23 Hand Cart
36:24 Ballistics
39:07 Imperial Age
37:27 Pikeman
38:12 Squires
39:12 Halberdier
42:56 Siege Engineers
44:18 Two-Man Saw
45:12 Chain Mail Armor
46:23 Heavy Plow
47:15 Heavy Scorpion
50:29 Caravan
54:54 Forging
55:25 Plate Mail Armor
57:54 Scale Barding Armor
59:50 Iron Casting
59:36 Chain Barding Armor
59:53 Light Cavalry
61:11 Iron Casting
60:58 Chain Barding Armor
60:53 Bloodlines
60:43 Husbandry
61:45 Hussar
64:20 Blast Furnace
65:53 Plate Barding Armor
RagnarLothbrok
5:01 Loom
10:44 Feudal Age
12:04 Feudal Age
12:57 Double-Bit Axe
12:53 Horse Collar
14:50 Bloodlines
17:03 Castle Age
15:43 Forging
17:11 Gold Mining
17:59 Scale Barding Armor
25:18 Husbandry
30:08 Stone Mining
31:51 Wheelbarrow
36:12 Imperial Age
35:46 Stone Shaft Mining
35:46 Gold Shaft Mining
35:31 Fletching
36:03 Ballistics
36:28 Bodkin Arrow
36:57 Padded Archer Armor
38:08 Chemistry
37:47 Bracer
38:42 Thumb Ring
39:07 Leather Archer Armor
39:47 Parthian Tactics
39:10 Capped Ram
40:23 Conscription
40:24 Caravan
40:48 Elite Mangudai
43:02 Drill
42:06 Siege Ram
45:37 Onager
51:30 Light Cavalry
52:15 Hussar
53:18 Chain Barding Armor
53:33 Iron Casting
55:32 Iron Casting
61:31 Hoardings
Sahraoui
10:53 Feudal Age
12:08 Wheelbarrow
15:24 Castle Age
14:18 Horse Collar
14:30 Double-Bit Axe
16:46 Bow Saw
25:03 Bloodlines
28:20 Hand Cart
27:55 Loom
27:58 Town Watch
32:03 Forging
31:58 Scale Barding Armor
33:05 Husbandry
32:39 Light Cavalry
34:01 Iron Casting
36:01 Imperial Age
36:37 Chain Barding Armor
35:59 Elite War Elephant
37:08 Masonry
36:29 Heavy Camel Rider
39:04 Cavalier
39:41 Gold Mining
39:41 Stone Mining
41:05 Elite War Elephant
42:51 Blast Furnace
42:27 Plate Barding Armor
47:06 Fletching
47:16 Padded Archer Armor
49:17 Caravan
49:09 Crossbowman
49:54 Thumb Ring
50:48 Ballistics
51:29 Chemistry
50:33 Bodkin Arrow
50:53 Leather Archer Armor
50:25 Hussar
52:32 Kamandaran
52:53 Conscription
Yellowping
0:36 Loom
10:16 Feudal Age
10:50 Double-Bit Axe
11:23 Fletching
14:02 Horse Collar
23:57 Wheelbarrow
24:41 Gold Mining
24:45 Stone Mining
26:59 Castle Age
29:43 Heavy Plow
29:55 Bow Saw
34:11 Imperial Age
32:48 Scale Mail Armor
33:46 Bodkin Arrow
34:47 Stone Shaft Mining
34:56 Forging
36:51 Chemistry
37:07 Conscription
37:44 Chain Mail Armor
38:34 Squires
38:19 Arson
40:01 Plate Mail Armor
42:22 Hand Cart
44:22 Crenellations
45:35 Ironclad
47:02 Ballistics
46:54 Masonry
46:43 Elite Teutonic Knight
49:10 Iron Casting
49:05 Caravan
49:01 Onager
54:01 Guilds
55:27 Blast Furnace
56:48 Two-Man Saw
58:27 Siege Engineers
61:01 Capped Ram
felixaleman1010
7:04 Loom
11:17 Feudal Age
11:23 Feudal Age
16:09 Castle Age
16:01 Double-Bit Axe
15:58 Horse Collar
23:47 Fletching
24:41 Bodkin Arrow
26:34 Husbandry
26:45 Bloodlines
34:02 Scale Barding Armor
34:09 Bloodlines
36:34 Padded Archer Armor
41:47 Imperial Age
45:34 Heavy Camel Rider
50:08 Chain Barding Armor
53:30 Caravan
64:54 Leather Archer Armor
65:26 Plate Barding Armor
65:02 Forging
VZ | YURIEL
0:58 Loom
11:19 Feudal Age
17:03 Wheelbarrow
19:49 Double-Bit Axe
20:57 Fletching
34:35 Castle Age
35:14 Bodkin Arrow
34:39 Crossbowman
37:35 Chemistry
37:21 Bow Saw
37:41 Ballistics
44:02 Imperial Age
51:49 Horse Collar
54:07 Pikeman
55:56 Wagenburg Tactics
57:19 Padded Archer Armor
58:35 Leather Archer Armor
63:46 Houfnice
64:57 Siege Engineers
Connection lost

Rejoining the realm…

Still unreachable

The connection could not be restored.

Session expired

The server has moved on; the page needs a fresh start.